 Dungeon Crawl Stone Soup version 0.30.1-11-g7821555f0a (webtiles) character file.

Game seed: 1106143229713869517

63 KyoPewz the Vexing (level 3, -6/14 HPs)
             Began as a Felid Enchanter on Dec 13, 2023.
             Blown up by Ijyb (20 damage)
             ... with a mindburst bolt
             ... on level 3 of the Dungeon.
             The game lasted 00:02:51 (1911 turns).

KyoPewz the Vexing (Felid Enchanter)                Turns: 1911, Time: 00:02:53

Health: -6/14      AC:  1    Str:  4    XL:     3   Next: 87%
Magic:  7/7        EV: 18    Int: 16    God:
Gold:   124        SH:  0    Dex: 18    Spells: 1/6 levels left
                                        Lives:  0   Deaths: 0

rFire   . .          .
                       - Unarmed
rCold   . . .        (shield unavailable)
rNeg    . . .        (body armour unavailable)
rPois   .            (helmet unavailable)
rElec   .            (cloak unavailable)
rCorr   .            (gloves unavailable)
SInv    +            (boots unavailable)
Will    .....        (no amulet)
Stlth   +++          (no ring)
HPRegen 0.22/turn    (no ring)
MPRegen 0.10/turn

%: no passive effects
@: quick
A: very small, claws 1, fangs 3, see invisible, speed 1, shaggy fur 1, stealthy
paws, no weapons or thrown items, no armour, multi-lived
a: no special abilities


You were on level 3 of the Dungeon.
You visited 1 branch of the dungeon, and saw 3 of its levels.

You collected 124 gold pieces.

Inventory:

Scrolls
 c - 2 scrolls of immolation {unknown}
 e - 3 scrolls of identify {unknown}
 g - a scroll of magic mapping {unknown}
Potions
 a - 2 potions of invisibility
 b - a potion of resistance {unknown}
 d - a potion of curing {unknown}
 f - 2 potions of degeneration {unknown}
 h - 2 potions of lignification {unknown}
 i - a potion of ambrosia {unknown}


   Skills:
 - Level 3.7 Dodging
 + Level 5.2 Stealth
 - Level 1.0 Unarmed Combat
 - Level 2.0 Spellcasting
 - Level 5.2 Hexes
 + Level 0.6 Ice Magic


You had one spell level left.
You knew the following spells:

 Your Spells              Type           Power      Damage    Failure   Level
a - Ensorcelled Hibernat  Hex/Ice        22%        N/A       10%         2
b - Confusing Touch       Hex            18%        N/A       7%          3

Your spell library contained the following spells:

 Spells                   Type           Power      Damage    Failure   Level
 Necrotise                Necr           4%         1d4       21%         1
 Shock                    Conj/Air       4%         1d3       21%         1
 Tukima's Dance           Hex            18%        N/A       7%          3
 Dazzling Flash           Conj/Hex       20%        N/A       22%         3
 Poisonous Vapours        Pois/Air       2%         N/A       30%         2
 Mephitic Cloud           Conj/Pois/Air  1%         N/A       52%         3
 Swiftness                Air            1%         N/A       52%         3
 Airstrike                Air            0%         2d(1-17)  90%         4
 Blade Hands              Tmut           0%         N/A       99%         5
 Haunt                    Necr/Summ      0%         N/A       100%        7
 Portal Projectile        Hex/Tloc       Unusable   N/A       N/A         3

Dungeon Overview and Level Annotations

Branches:
Dungeon (3/15)

Altars:
Ru

Annotations:
D:3 Ijyb


Innate Abilities, Weirdness & Mutations

You have sharp claws.
You have razor-sharp teeth.
You have supernaturally acute eyesight. (SInv)
You cover ground quickly. (Speed+)
You are covered in fur. (AC +1)
Your paws help you pounce on unaware monsters.
You are incapable of wielding weapons or throwing items.
You cannot wear armour.
You gain extra lives every three experience levels.


Message History

You pick up the Grimoire of Gaseous Mortification and begin reading...
You add the spells Necrotise, Poisonous Vapours, Mephitic Cloud and Haunt to your library.
Health restored: 14; MP restored: 7 You see here an adder corpse.
You see here 6 stones.
A hobgoblin comes into view.
Casting: Ensorcelled Hibernation (safe; 10% risk of failure)
Confirm with . or Enter, or press ? or * to list all spells.
Okay, then.
The hobgoblin shouts!
You closely miss the hobgoblin. The hobgoblin misses you.
You closely miss the hobgoblin. The hobgoblin barely misses you.
You scratch the hobgoblin.
The hobgoblin is heavily wounded.
The hobgoblin misses you.
You scratch the hobgoblin.
You kill the hobgoblin!
No target in view!
You see here a +0 ring mail.
You scratch the quokka. Your bite misses the quokka.
The quokka is moderately wounded.
The quokka bites you.
You take 5 damage, and have 9/14 hp.
MASSIVE DAMAGE!!
You scratch the quokka.
You kill the quokka!
No target in view!
Found a slimy long sword.
Health restored: 14 You see here a +0 ring mail.
Done exploring.
No target in view!
Done exploring.
There is a stone staircase leading down here.
You climb downwards.
Found a stone staircase leading up.
There is a stone staircase leading up here.
Ijyb the Twisted Goblin comes into view.
She is wielding a +0 club and carrying a wand of mindburst (7).
Ijyb zaps a wand.
Your mind is blasted!
Ouch! That really hurt!
You die...

#..###.###
#........#
........#.# ##
.#.######.# g# #
#.# .# #.# .#
#.######.# .#
.........####.##
##.#####....@..#
#.......#######
#.#######


You could see Ijyb.

Vanquished Creatures
  3 adders (D:2)
  A dart slug (D:1)
  5 bats
  3 endoplasms
  A giant cockroach (D:1)
  3 goblins
  3 hobgoblins
  3 jackals (D:2)
  4 kobolds
  2 quokkas
  2 ball pythons (D:1)
  2 rats (D:1)
32 creatures vanquished.

Notes
Turn   | Place    | Note
-------+----------+-------------------------------------------
     0 | D:1      | KyoPewz the Felid Enchanter began the quest for the Orb.
     0 | D:1      | Reached XP level 1. HP: 7/7 MP: 4/4
   264 | D:1      | Reached XP level 2. HP: 11/11 MP: 6/6
   280 | D:1      | Learned a level 2 spell: Ensorcelled Hibernation
   919 | D:2      | Reached skill level 5 in Hexes
  1028 | D:2      | Found a sacrificial altar of Ru.
  1169 | D:2      | Reached XP level 3. HP: 4/14 MP: 4/7
  1334 | D:2      | Learned a level 3 spell: Confusing Touch
  1585 | D:2      | Reached skill level 5 in Stealth
  1719 | D:2      | Got the Grimoire of Gaseous Mortification
  1911 | D:3      | Noticed Ijyb
  1911 | D:3      | Blown up by Ijyb

Illustrated notes

Levels and vault maps discovered:
D:1:      dpeg_arrival_water_fire, layout_basic
D:2:      layout_loops_ring, basic_altar, nicolae_elevator_lobby_plus
D:3:      layout_basic, fiery_altar_vehumet, gammafunk_ghost_smash, uniq_ijyb

Skill      XL: |  1  2  3 |
---------------+----------+-----
Dodging        | 3 |  3.7
Hexes          | 5 |  5.2
Stealth        | 5 |  5.2
Unarmed Combat | |  1.0
Spellcasting   | |  2.0
Ice Magic      | |  0.6

Action                     || total
---------------------------++-------
  Melee: Unarmed           ||    97
         Bite              ||    10
         Punch             ||     1
   Cast: Ensorcelled Hiber ||     9
   Stab: Sleeping          ||    11
 Armour: Skin              ||     4
  Dodge: Dodged            ||    66
